 Dungeon Crawl Stone Soup version 0.29.1-2-gbd0b4ee654 (webtiles) character file.

Game seed: 4139571967396877134

129 Descartes the Magician (level 4, -2/21 HPs)
             Began as a Spriggan Wanderer on Oct 23, 2022.
             Killed from afar by Sigmund (9 damage)
             ... with a puff of flame
             ... on level 3 of the Dungeon.
             The game lasted 00:06:14 (2397 turns).

Descartes the Magician (Spriggan Wanderer)          Turns: 2397, Time: 00:06:15

Health: -2/21      AC:  2    Str:  5    XL:     4   Next: 88%
Magic:  11/11      EV: 16    Int: 14    God:
Gold:   75         SH:  0    Dex: 18    Spells: 7/11 levels left

rFire   . . .      SeeInvis +   a - +2 sling
rCold   . . .      Faith    .   g - +0 buckler
rNeg    . . .      Spirit   .   d - +0 robe
rPois   .          Reflect  .   (helmet restricted)
rElec   .          Harm     .   (no cloak)
rCorr   .          Rampage  .   (gloves unavailable)
Will    .....                   (boots unavailable)
Stlth   +.........              o - amulet of magic regeneration
HPRegen 0.07/turn               (no ring)
MPRegen 0.52/turn               (no ring)

@: confused, very quick
A: very small, no large weapons, unfitting armour, see invisible, speed 3
a: no special abilities


You were on level 3 of the Dungeon.
You visited 1 branch of the dungeon, and saw 3 of its levels.

You collected 75 gold pieces.

Inventory:

Hand Weapons
 a - a +2 sling (weapon)
 b - a +2 short sword of electrocution
Armour
 d - a +0 robe (worn)
 g - a +0 buckler (worn)
Jewellery
 o - an amulet of magic regeneration (around neck)
Scrolls
 f - a scroll of summoning {unknown}
 h - a scroll of butterflies {unknown}
 i - 3 scrolls of identify {unknown}
 l - a scroll of noise {unknown}
Potions
 c - 2 potions of curing
 e - 3 potions of lignification {unknown}
 j - a potion of might {unknown}
 m - a potion of brilliance {unknown}
 n - a potion of berserk rage {unknown}
Miscellaneous
 k - a piece from Xom's chessboard (15/15)


   Skills:
 - Level 3.0 Ranged Weapons
 + Level 2.5 Dodging
 + Level 3.2 Stealth
 + Level 0.6 Shields
 - Level 0.5 Unarmed Combat
 - Level 4.0 Spellcasting
 + Level 0.8 Conjurations
 + Level 3.6 Hexes
 + Level 0.7 Transmutations
 + Level 0.2 Fire Magic
 + Level 0.3 Poison Magic
 - Level 2.6 Evocations


You had 7 spell levels left.
You knew the following spells:

 Your Spells              Type           Power      Damage    Failure   Level
a - Slow                  Hex            52%        N/A       10%         1
b - Ignite Poison         Fire/Tmut/Pois 4%         N/A       71%         3

Your spell library contained the following spells:

 Spells                   Type           Power      Damage    Failure   Level
 Portal Projectile        Hex/Tloc       14%        N/A       52%         3
 Conjure Flame            Conj/Fire      4%         6-21      71%         3
 Sticky Flame             Conj/Fire      4%         2d3       98%         4


Dungeon Overview and Level Annotations

Branches:
Dungeon (3/15)

Altars:

Annotations:
D:3 Sigmund


Innate Abilities, Weirdness & Mutations

You are very small and have problems with some larger weapons.
You are too small for most types of armour.
You have supernaturally acute eyesight. (SInv)
You cover ground extremely quickly. (Speed+++)


Message History

Sigmund flickers and vanishes for a moment.
Sigmund points at you and mumbles some strange words.
You easily resist.
Things that are here:
a dart slug corpse; a bat corpse No target in view!
No target in view!
You shoot a sling bullet.
The sling bullet hits Sigmund but does no damage.
Sigmund is lightly wounded.
You shoot a sling bullet. The sling bullet barely misses Sigmund.
You shoot a sling bullet. The sling bullet hits Sigmund!
Sigmund is heavily wounded.
You shoot a sling bullet. The sling bullet hits Sigmund!
Sigmund is severely wounded.
You shoot a sling bullet. The sling bullet hits Sigmund.
Sigmund is almost dead.
Sigmund completely misses you.
Sigmund screams, "You will never...
NEVER!!!"
Sigmund points at you and mumbles some strange words.
You easily resist.
Sigmund casts a spell at you. The puff of flame hits you!
Sigmund is nearby!
You shoot a sling bullet.
The sling bullet closely misses Sigmund.
You shoot a sling bullet. The sling bullet barely misses Sigmund.
Sigmund gestures at you while chanting. The magic dart hits you.
You are too injured to fight recklessly!
You are too injured to fight recklessly!
You are too injured to fight recklessly!
You are too injured to fight recklessly!
You are too injured to fight recklessly!
Sigmund casts a spell at you.
You are confused.
You're too confused to move!
Sigmund casts a spell at you. The puff of flame hits you!
You die...

###### #....# #....# #....####
#########
#.......########<.......
#....[#............<....
#.........@.####....@†..
#......@....# #........
###########.......# #..).....
#.................# #........
#.................####).†.....
#>.....>..........#.....######
#...................#####
#...................### ######
#.................#...###.....
#######.####.#.).##.#..##.####


You could see Sigmund (invisible).

Vanquished Creatures
  An orc wizard (D:3)
  3 adders (D:2)
  A worm (D:2)
  3 dart slugs
  An orc (D:3)
  4 ball pythons
  4 endoplasms
  2 giant cockroaches (D:1)
  10 goblins
  5 hobgoblins
  10 kobolds
  3 quokkas
  9 bats
  3 frilled lizards
  4 rats
63 creatures vanquished.

Notes
Turn   | Place    | Note
-------+----------+-------------------------------------------
     0 | D:1      | Descartes the Spriggan Wanderer began the quest for the
                  | Orb.
     0 | D:1      | Descartes set off with the following items: a +2 sling, a
                  | piece from Xom's chessboard (15/15), a potion of curing, a
                  | +0 robe; and the following spell memorised: Slow; and the
                  | following spells available to memorise: Portal Projectile.
     0 | D:1      | Reached XP level 1. HP: 9/9 MP: 6/6
    34 | D:1      | Reached skill level 1 in Stealth
    56 | D:1      | Reached skill level 1 in Dodging
   102 | D:1      | Reached XP level 2. HP: 13/13 MP: 8/8
   189 | D:1      | Found a faded altar of an unknown god.
   562 | D:1      | Reached XP level 3. HP: 15/16 MP: 9/9
  1290 | D:2      | Reached XP level 4. HP: 15/21 MP: 11/11
  1457 | D:2      | Identified the +4 ring mail of the Ageless Quests {Int+7}
  1929 | D:3      | Learned a level 3 spell: Ignite Poison
  2353 | D:3      | Noticed Sigmund
  2397 | D:3      | Killed from afar by Sigmund

Illustrated notes

Levels and vault maps discovered:
D:1:      mrwooster_arrival_statue_2, layout_basic, ebering_ecumenical_altar_box
D:2:      layout_basic
D:3:      layout_rooms, uniq_sigmund

Skill      XL: |  1  2  3  4 |
---------------+-------------+-----
Stealth        | 1 2 3 |  3.2
Dodging        | 1 2 |  2.5
Hexes          | 3 |  3.6
Ranged Weapons | |  3.0
Shields        | |  0.6
Unarmed Combat | |  0.5
Spellcasting   | |  4.0
Conjurations   | |  0.8
Transmutations | |  0.7
Fire Magic     | |  0.2
Poison Magic   | |  0.3
Evocations     | |  2.6

Action                   |  1- 3 |  4- 6 || total
-------------------------+-------+-------++-------
Melee: Dagger            |     1 |       ||     1
       Short sword       |    11 |       ||    11
 Fire: Sling             |   108 |    70 ||   178
Armor: Robe              |     7 |     1 ||     8
Dodge: Dodged            |    47 |     9 ||    56
Block: Buckler           |     8 |     6 ||    14
